 Dungeon Crawl Stone Soup version 0.25.1-2-g60ff931df9 (webtiles) character file.

Game seed: 14149642235220759839

429 hawla the Conjurer (level 6, 0/45 HPs)
             Began as a Draconian Conjurer on Nov 16, 2020.
             Was an Initiate of Vehumet.
             Slain by Pikel
             ... wielding a +0 whip of freezing
              (1 damage)
             ... on level 5 of the Dungeon.
             The game lasted 00:20:13 (5890 turns).

hawla the Conjurer (Draconian Conjurer)             Turns: 5890, Time: 00:20:13

Health: 0/45       AC:  6    Str: 10    XL:     6   Next: 66%
Magic:  12/12      EV: 12    Int: 17    God:    Vehumet [......]
Gold:   184        SH:  0    Dex: 12    Spells: 2/13 levels left

rFire    . . .     SeeInvis .   g - staff of conjuration
rCold    . . .     Gourm    .   (no shield)
rNeg     . . .     Faith    .   (armour unavailable)
rPois    .         Spirit   .   (helmet restricted)
rElec    .         Reflect  .   (no cloak)
rCorr    .         Harm     .   (no gloves)
MR       .....                  (no boots)
Stlth    ++........             (no amulet)
HPRegen  0.15/turn              (no ring)
MPRegen  0.13/turn              (no ring)

@: very slightly contaminated, slowed, very slow
A: unfitting armour, cold-blooded, AC +6
a: Renounce Religion


You were on level 5 of the Dungeon.
You worshipped Vehumet.
Vehumet was noncommittal.
You were not hungry.

You visited 1 branch of the dungeon, and saw 6 of its levels.

You collected 184 gold pieces.

Inventory:

Hand Weapons
 d - a +3 short sword of holy wrath
Missiles
 f - 4 boomerangs (quivered)
Magical Staves
 g - an uncursed staff of conjuration (weapon)
Wands
 m - a wand of iceblast (7)
 n - a wand of acid (5)
Scrolls
 k - 7 scrolls of remove curse
Potions
 a - 3 potions of curing
 c - 2 potions of invisibility {unknown}
 e - a potion of ambrosia
 h - 3 potions of flight
 i - a potion of stabbing
 j - 3 potions of might
 l - a potion of lignification {unknown}
 o - a potion of haste {unknown}
Comestibles
 b - 2 rations


   Skills:
 - Level 1.7 Dodging
 - Level 1.7 Stealth
 + Level 4.1 Spellcasting
 + Level 5.6 Conjurations
 + Level 2.0 Hexes
 + Level 1.9 Translocations
 - Level 1.9 Evocations


You had 2 spell levels left.
You knew the following spells:

 Your Spells              Type           Power        Failure   Level  Hunger
a - Magic Dart            Conj           ####         1%          1    None
b - Searing Ray           Conj           ####..       2%          2    ##.....
c - Fulminant Prism       Conj/Hex       ###.......   32%         4    ####...
d - Iskenderun's Mystic   Conj/Tloc      ###.....     32%         4    ####...

Your spell library contained the following spells:

 Spells                   Type           Power        Failure   Level  Hunger
 Dazzling Flash           Conj/Hex       ###...       10%         3    ###....


Dungeon Overview and Level Annotations

Branches:
Dungeon (6/15)             Temple (0/1) D:4

Altars:
Fedhas
Hepliaklqana
Qazlal
Trog
Uskayaw
Vehumet

Shops:
D:4 :

Annotations:
D:5 Pikel


Innate Abilities, Weirdness & Mutations

Your plain brown scales are hard. (AC +6)
You cannot fit into any form of body armour.
You are cold-blooded and may be slowed by cold attacks.


Message History

* * * LOW HITPOINT WARNING * * *
Pikel hits you with a +0 whip of freezing.
* * * LOW HITPOINT WARNING * * *
Pikel freezes you.
* * * LOW HITPOINT WARNING * * *
The slave closely misses you.
You feel better.
You feel less invigorated.
You feel yourself speed up. The slave hits you but does no damage.
Pikel hits you with a +0 whip of freezing.
You feel yourself slow down. Pikel freezes you. The slave hits you!
* * * LOW HITPOINT WARNING * * *
The slave hits you!
* * * LOW HITPOINT WARNING * * *
You closely miss Pikel.
Pikel is moderately wounded.
Pikel hits you with a +0 whip of freezing.
* * * LOW HITPOINT WARNING * * *
Pikel freezes you.
You die...

≈.......# #....#
≈.......#####....#
≈≈......#...#....#
≈≈......#...'....#
≈≈......'...#....#
≈.......#...#....#
≈.......#...#...p#
....#####...#..pK#
....#>.##...#.pp@#
....#.....?.######
....#..##.......#
....#+###.......#
#####...........#
...#...##...##..#
...#...#######..#
...#....'....#..#
#########....#..#


You could see Pikel and 4 slaves.

Vanquished Creatures
  An ogre (D:4)
  A scorpion (D:4)
  A howler monkey (D:4)
  A crimson imp (D:5)
  An orc priest (D:4)
  A worker ant zombie (D:4)
  5 adders
  A howler monkey skeleton (D:5)
  An ooze (D:1)
  5 worms
  4 leopard geckos
  9 orcs
  3 giant cockroaches
  7 goblins
  9 hobgoblins
  13 jackals
  2 quokkas (D:4)
  2 ball pythons
  7 bats
  5 frilled lizards
  A giant cockroach zombie (D:4)
  6 kobolds
  2 quokka skeletons (D:4)
  7 rats
95 creatures vanquished.

Vanquished Creatures (others)
  7 fulminant prisms
7 creatures vanquished.

Grand Total: 102 creatures vanquished

Notes
Turn   | Place    | Note
-------+----------+-------------------------------------------
     0 | D:1      | hawla the Draconian Conjurer began the quest for the Orb.
     0 | D:1      | Reached XP level 1. HP: 14/14 MP: 3/3
   306 | D:1      | Reached XP level 2. HP: 20/20 MP: 1/5
   310 | D:1      | Learned a level 2 spell: Searing Ray
  1269 | D:2      | Reached XP level 3. HP: 26/26 MP: 1/7
  1644 | D:2      | Reached XP level 4. HP: 32/33 MP: 0/8
  1742 | D:2      | Found a bloodstained altar of Trog.
  1889 | D:2      | Found a hazy altar of Hepliaklqana.
  1995 | D:2      | Reached skill level 5 in Conjurations
  2114 | D:2      | Learned a level 4 spell: Fulminant Prism
  2515 | D:3      | Reached skill level 1 in Evocations
  2663 | D:3      | Found a faded altar of an unknown god.
  3338 | D:3      | Found a stormy altar of Qazlal.
  3338 | D:3      | Found a radiant altar of Vehumet.
  3339 | D:3      | Found a hide-covered altar of Uskayaw.
  3660 | D:4      | Reached XP level 5. HP: 38/38 MP: 6/10
  3666 | D:4      | Learned a level 4 spell: Iskenderun's Mystic Blast
  3732 | D:4      | Found Eceliw's Book Emporium.
  4213 | D:4      | Reached skill level 1 in Hexes
  4331 | D:4      | Reached skill level 1 in Translocations
  4464 | D:4      | Reached XP level 6. HP: 45/45 MP: 4/11
  4690 | D:4      | Found a staircase to the Ecumenical Temple.
  5096 | D:3      | Became a worshipper of Vehumet
  5213 | D:5      | Entered Level 5 of the Dungeon
  5493 | D:5      | Found a blossoming altar of Fedhas.
  5864 | D:5      | Noticed a slave
  5866 | D:5      | Noticed Pikel
  5866 | D:5      | Noticed a slave
  5866 | D:5      | Noticed a slave
  5870 | D:5      | Noticed a slave
  5890 | D:5      | HP: 1/45 [Pikel/+0 whip of freezing (4)]
  5890 | D:5      | Slain by Pikel

Illustrated notes

Levels and vault maps discovered:
D:1:      erik_arrival_cave_to_civilisation [erik_arrival_cave_to_temple],
          layout_loops_ring
D:2:      minmay_chambers_of_ones, layout_basic, lemuel_doored_altar,
          trog_three_pillars_becter
D:3:      layout_loops_ring, gammafunk_temple_overflow_claw,
          chequers_ecumenical_altar_simple_redux
D:4:      layout_basic, minmay_temple_entry_tees, serial_shops, shop_fountains,
          serial_bayou_ford_a
D:5:      layout_gridville, lemuel_round_altar, fedhas_ov_isle_minmay,
          first_ration, uniq_pikel
D:6:      minmay_chambers_of_fours, layout_basic, overflow_temple_1_default,
          uniq_grinder

Skill      XL: |  1  2  3  4  5  6 |
---------------+-------------------+-----
Spellcasting   | 3 4 |  4.1
Conjurations   | 5 |  5.6
Evocations     | 1 |  1.9
Hexes          | 1 2 |  2.0
Translocations | 1 |  1.9
Dodging        | |  1.7
Stealth        | |  1.7

Action                   |  1- 3 |  4- 6 || total
-------------------------+-------+-------++-------
Melee: Unarmed           |    19 |       ||    19
       Short sword       |    21 |    31 ||    52
       Tailslap          |     2 |     3 ||     5
       Staff             |       |    15 ||    15
Throw: Boomerang         |       |     2 ||     2
 Cast: Magic Dart        |    35 |    68 ||   103
       Searing Ray       |    11 |    25 ||    36
       Fulminant Prism   |       |     7 ||     7
       Iskenderun's Myst |       |     3 ||     3
  Use: Potion            |     1 |     2 ||     3
       Scroll            |       |    10 ||    10
  Eat: Chunk             |     3 |    13 ||    16
       Ration            |       |     2 ||     2
Armor: Skin              |    22 |    14 ||    36
Dodge: Dodged            |    39 |    57 ||    96
